Map: Prion Terraces

Players

WALLE - Winner!

  • Race: Protoss Protoss
  • League: Diamond

Orion

  • Race: Zerg Zerg
  • League: Master

VOD

Have the link to the VOD?

Description

Time

  • Played on: Nov. 20, 2015, 11:05 a.m.
  • Length: 6:05
Show
View Real Time Build Order
Export as new Build Order

WALLE Protoss - Winner!

Build Orders:  

Get SALT Encoding   

  12  0:01  Probe (Chrono Boost)  
  13  0:11  Probe (Chrono Boost)  
  14  0:22  Probe (Chrono Boost)  
  14  0:23  Pylon  
  15  0:41  Probe (Chrono Boost), Pylon  
  16  0:53  Probe (Chrono Boost)  
  17  1:00  Gateway  
  17  1:04  Gateway  
  17  1:11  Gateway  
  17  1:22  Gateway  
  17  1:47  Pylon, Zealot (Chrono Boost)  
  21  1:55  Zealot (Chrono Boost)  
  23  2:04  Zealot (Chrono Boost)  
  23  2:11  Zealot (Chrono Boost)  
  23  2:14  Zealot (Chrono Boost)  
  27  2:22  Zealot (Chrono Boost)  
  31  2:31  Zealot (Chrono Boost)  
  31  2:33  Pylon  
  31  2:34  Zealot (Chrono Boost)  
  33  2:41  Zealot (Chrono Boost)  
  33  2:42  Assimilator  
  34  2:59  Zealot (Chrono Boost)  
  34  3:03  Zealot x2 (Chrono Boost)  
  42  3:14  Zealot (Chrono Boost)  
  42  3:23  Zealot (Chrono Boost)  
  46  3:30  Zealot (Chrono Boost)  
  46  3:32  Forge  
  46  3:40  Zealot (Chrono Boost)  
  42  4:02  Zealot (Chrono Boost)  
  44  4:08  Photon Cannon  
  40  4:11  Gateway  
  40  4:16  Zealot (Chrono Boost)  
  38  4:25  Zealot (Chrono Boost)  
  30  4:33  Zealot (Chrono Boost)  
  32  4:39  Zealot (Chrono Boost)  
  32  4:43  Zealot (Chrono Boost)  
  36  4:54  Zealot (Chrono Boost)  
  38  5:00  Zealot (Chrono Boost)  
  38  5:09  Zealot (Chrono Boost)  
  38  5:12  Zealot (Chrono Boost)  
  32  5:23  Zealot (Chrono Boost)  
  30  5:31  Zealot (Chrono Boost)  
  30  5:37  Zealot x2 (Chrono Boost)  
Show
View Real Time Build Order
Export as new Build Order

Orion Zerg 

Build Orders: Hatch First 

Get SALT Encoding   

  12  0:01  Drone  
  13  0:12  Overlord  
  13  0:20  Drone  
  14  0:30  Drone x2  
  16  0:51  Hatchery  
  16  0:54  Drone  
  16  0:58  Drone  
  16  1:00  Drone  
  16  1:01  Extractor  
  17  1:16  Spawning Pool  
  17  1:18  Drone  
  17  1:28  Drone  
  17  1:29  Drone  
  19  1:41  Drone  
  20  1:50  Drone  
  21  2:03  Queen x2  
  21  2:05  Metabolic Boost  
  25  2:10  Drone  
  25  2:11  Drone  
  27  2:16  Overlord  
  28  2:22  Zergling x2  
  28  2:35  Drone x4  
  32  2:45  Zergling x2  
  32  2:49  Spine Crawler, Zergling x2  
  33  2:57  Zergling x4  
  31  3:07  Zergling x4  
  33  3:15  Zergling x6  
  36  3:22  Overlord x2  
  33  3:36  Zergling x2  
  33  3:37  Zergling x6  
  33  3:45  Zergling x2  
  33  3:46  Spawning Pool  
  30  3:59  Overlord  
  8  4:34  Zergling x16  
  13  5:07  Drone  
  10  5:29  Drone  
  10  5:32  Drone  
Tags
 
Add a new tag
Caveats
  • Supply blocks, unpowered buildings, or Contaminate may cause inaccurate times.
  • Supply counts are checked every 10 seconds.